Workbook
Name Benefits: DataValidation!#REF!
Name Equipment: DataValidation!$G$2:$G$13
Name Goods_Services: DataValidation!$D$2:$D$13
Name Salaries: DataValidation!$B$2:$B$13
Name Stipends: DataValidation!$E$2:$E$13
Name Travel: DataValidation!$F$2:$F$13
Name Wages: DataValidation!$C$2:$C$13

Sheet Instructions
A1: S&A Proposal Budget
A2: S&A Fees are collected from students for the express purpose of funding nonacademic student activities and programs.
A3: Use this template to prepare a budget with the expenses required to accomplish the proposed services and/or activities for the year as outlined in your proposal packet.
A5: Budget Summary Tab
A6: In the Budget Summary Tab, you will add your Organization Name and current year's budget information in the appropriate cells.
A7: The Budget Request information will populate based on the entries in the "Budget Details" tab.
A9: Budget Details Tab
A10: In the Budget Details Tab, you will enter the detailed expenses by category that are being requested.
A11: These categories align more closely with the ledger accounts and spend categories that are used in Workday to aid in budget tracking throughout the year.
A12: Please use Column D to provide additional details for the expense item.
A13: Example of Expense Items
A14: Expense Category | B14: Expense Subcategory | C14: Amount | D14: Additional Details/Purpose
A15: Goods_Services | B15: Gift Cards/Gift Certificates | C15: 7500 | D15: Reimbursement Programs & Student Services - Mental Health Reimbursement
A16: Salaries | B16: Administrative Professional | C16: 35000 | D16: Staff effort for overall program support
A17: Goods_Services | B17: Student Recruitment & Retention | C17: 10000 | D17: Outreach activities - mailings, subscriptions, giveaways, surveys, etc.

Sheet BudgetSummary
A1: Organization Name:
A3: Current Year's Program No.: | D3: Expenditure Category | E3: FY28 Budget Request
A4: Current Year's Awarded Budget: | D4: Personnel | E4: =E5+E10+E13+E14 -> 0
A5: Current Year's Forecasted Ending Balance: | D5: Salaries | E5: =SUM(E6:E8) -> 0
D6: Administrative Professional | E6: =SUMIFS(BudgetDetails!C:C,BudgetDetails!$A:$A,BudgetSummary!$D$5,BudgetDetails!$B:$B,BudgetSummary!$D6) -> 0
D7: Civil Service | E7: =SUMIFS(BudgetDetails!C:C,BudgetDetails!$A:$A,BudgetSummary!$D$5,BudgetDetails!$B:$B,BudgetSummary!$D7) -> 0
D8: Faculty | E8: =SUMIFS(BudgetDetails!C:C,BudgetDetails!$A:$A,BudgetSummary!$D$5,BudgetDetails!$B:$B,BudgetSummary!$D8) -> 0
D9: Graduate Assistant | E9: =SUMIFS(BudgetDetails!C:C,BudgetDetails!$A:$A,BudgetSummary!$D$5,BudgetDetails!$B:$B,BudgetSummary!$D9) -> 0
D10: Wages | E10: =SUM(E11:E12) -> 0
D11: Student Hourly | E11: =SUMIFS(BudgetDetails!C:C,BudgetDetails!$A:$A,BudgetSummary!$D$10,BudgetDetails!$B:$B,BudgetSummary!$D11) -> 0
D12: Non-Student Hourly | E12: =SUMIFS(BudgetDetails!C:C,BudgetDetails!$A:$A,BudgetSummary!$D$10,BudgetDetails!$B:$B,BudgetSummary!$D12) -> 0
D13: Modernization Fee (1% of Salaries & Wages) | E13: =(E5+E10)*0.01 -> 0
D14: Benefits | E14: =SUM(E15:E20) -> 0
D15: Administrative Professional (35.5%) | E15: =(E6*0.355) -> 0
D16: Civil Service (46.2%) | E16: =E7*0.462 -> 0
D17: Faculty (32.4%) | E17: =E8*0.324 -> 0
D18: Graduate Assistant (12.4%) | E18: =E9*0.124 -> 0
D19: Student Hourly (2.4%) | E19: =E11*0.024 -> 0
D20: Non-Student Hourly (10.2%) | E20: =E12*0.102 -> 0
D21: Goods_Services | E21: =SUM(E22:E33) -> 0
D22: Gift Cards/Gift Certificates | E22: =SUMIFS(BudgetDetails!C:C,BudgetDetails!$A:$A,BudgetSummary!$D$21,BudgetDetails!$B:$B,BudgetSummary!$D22) -> 0
D23: Meals & Banquets | E23: =SUMIFS(BudgetDetails!C:C,BudgetDetails!$A:$A,BudgetSummary!$D$21,BudgetDetails!$B:$B,BudgetSummary!$D24) -> 0
D24: Membership Dues | E24: =SUMIFS(BudgetDetails!C:C,BudgetDetails!$A:$A,BudgetSummary!$D$21,BudgetDetails!$B:$B,BudgetSummary!$D25) -> 0
D25: Other Goods & Services | E25: =SUMIFS(BudgetDetails!C:C,BudgetDetails!$A:$A,BudgetSummary!$D$21,BudgetDetails!$B:$B,BudgetSummary!$D26) -> 0
D26: Postage & Mailing Services | E26: =SUMIFS(BudgetDetails!C:C,BudgetDetails!$A:$A,BudgetSummary!$D$21,BudgetDetails!$B:$B,BudgetSummary!$D27) -> 0
D27: Printing & Reproduction | E27: =SUMIFS(BudgetDetails!C:C,BudgetDetails!$A:$A,BudgetSummary!$D$21,BudgetDetails!$B:$B,BudgetSummary!$D28) -> 0
D28: Promotional Items | E28: =SUMIFS(BudgetDetails!C:C,BudgetDetails!$A:$A,BudgetSummary!$D$21,BudgetDetails!$B:$B,BudgetSummary!$D29) -> 0
D29: Recognition Awards | E29: =SUMIFS(BudgetDetails!C:C,BudgetDetails!$A:$A,BudgetSummary!$D$21,BudgetDetails!$B:$B,BudgetSummary!$D30) -> 0
D30: Software Licenses & Subscriptions | E30: =SUMIFS(BudgetDetails!C:C,BudgetDetails!$A:$A,BudgetSummary!$D$21,BudgetDetails!$B:$B,BudgetSummary!$D31) -> 0
D31: Student Recruitment & Retention | E31: =SUMIFS(BudgetDetails!C:C,BudgetDetails!$A:$A,BudgetSummary!$D$21,BudgetDetails!$B:$B,BudgetSummary!$D32) -> 0
D32: Supplies & Materials | E32: =SUMIFS(BudgetDetails!C:C,BudgetDetails!$A:$A,BudgetSummary!$D$21,BudgetDetails!$B:$B,BudgetSummary!#REF!) -> 0
D33: Venue Rental Fees | E33: =SUMIFS(BudgetDetails!C:C,BudgetDetails!$A:$A,BudgetSummary!$D$21,BudgetDetails!$B:$B,BudgetSummary!$D33) -> 0
D34: Stipends | E34: =SUMIFS(BudgetDetails!C:C,BudgetDetails!$A:$A,BudgetSummary!$D$34,BudgetDetails!$B:$B,BudgetSummary!$D34) -> 0
D35: Travel | E35: =SUMIFS(BudgetDetails!C:C,BudgetDetails!$A:$A,BudgetSummary!$D$35,BudgetDetails!$B:$B,BudgetSummary!$D35) -> 0
D36: Equipment | E36: =SUMIFS(BudgetDetails!C:C,BudgetDetails!$A:$A,BudgetSummary!$D$36,BudgetDetails!$B:$B,BudgetSummary!$D36) -> 0
D37: Total | E37: =E4+E21+E34+E35+E36 -> 0

Sheet BudgetDetails
A1: Enter the details for your budget on this tab. Columns A and B are dropdowns based on the available Expense Categories and Subcategories (which align better with Workday Spend Categories). If you would like to capture additional details in regard to what the line item relates to for your purposes, please feel free to do so in Column D as a free text field. The data entered here will populate the BudgetSummary tab to reflect the total amount of your request.
A4: Expense Category | B4: Expense Subcategory | C4: Amount | D4: Additional Details/Purpose

Sheet DataValidation
B1: Salaries | C1: Wages | D1: Goods_Services | E1: Stipends | F1: Travel | G1: Equipment
B2: Administrative Professional | C2: Student Hourly | D2: Gift Cards/Gift Certificates | E2: Stipends | F2: Travel | G2: Equipment
B3: Civil Service | C3: Non-Student Hourly | D3: Meals & Banquets
B4: Faculty | D4: Membership Dues
B5: Graduate Assistant | D5: Other Goods & Services
D6: Postage & Mailing Services
D7: Printing & Reproduction
D8: Promotional Items
D9: Recognition Awards
D10: Software Licenses & Subscriptions
D11: Student Recruitment & Retention
D12: Supplies & Materials
D13: Venue Rental Fees
